 Dungeon Crawl Stone Soup version 0.26-a0-36-g11e0b32562 (webtiles) character file.

Game seed: 5282839362960322974, levelgen mode: deterministic

102 KapersCrawl the Ducker (level 4, 33/33 HPs)
             Began as a Merfolk Venom Mage on May 20, 2020.
             Quit the game on level 3 of the Dungeon on Apr 16, 2021.
             The game lasted 00:09:01 (3263 turns).

KapersCrawl the Ducker (Merfolk Venom Mage)         Turns: 3263, Time: 00:09:01

Health: 33/33      AC:  2    Str:  8    XL:     4   Next: 78%
Magic:  7/7        EV: 14    Int: 15    God:
Gold:   142        SH:  0    Dex: 14    Spells: 4/7 levels left

rFire    . . .     SeeInvis .   a - +1 falchion (elec)
rCold    . . .     Gourm    .   (no shield)
rNeg     . . .     Faith    .   e - +0 robe
rPois    .         Spirit   .   (no helmet)
rElec    .         Reflect  .   (no cloak)
rCorr    .         Harm     .   (no gloves)
MR       .....                  (no boots)
Stlth    ++........             (no amulet)
HPRegen  0.11/turn              (no ring)
MPRegen  0.10/turn              (no ring)

@: no status effects
A: change form in water, swift swim, stealthy swim
a: no special abilities


You were on level 3 of the Dungeon.
You were not hungry.

You visited 1 branch of the dungeon, and saw 3 of its levels.

You collected 142 gold pieces.

Inventory:

Hand Weapons
 a - a +1 falchion of electrocution (weapon)
Missiles
 d - 62 stones (quivered)
 h - 8 boomerangs
Armour
 e - a +0 robe (worn)
 t - a +0 buckler
Jewellery
 g - an uncursed ring of positive energy {unknown}
 k - a cursed ring of attention {unknown}
 p - an uncursed amulet of magic regeneration {unknown}
Wands
 q - a wand of flame (18)
Scrolls
 b - a scroll of remove curse {unknown}
 j - a scroll of fog {unknown}
 l - a scroll of teleportation {unknown}
 n - a scroll of enchant weapon {unknown}
 o - a scroll of enchant armour {unknown}
 r - a scroll of blinking {unknown}
Comestibles
 c - 6 rations


   Skills:
 - Level 2.0 Fighting
 - Level 4.0 Dodging
 - Level 2.1 Stealth
 + Level 0.9 Shields
 - Level 2.0 Spellcasting
 - Level 4.0 Transmutations
 - Level 3.2 Poison Magic


You had 4 spell levels left.
You knew the following spells:

 Your Spells              Type           Power        Failure   Level  Hunger
a - Sting                 Tmut/Pois      ##..         4%          1    #......
b - Poisonous Vapours     Pois/Air       #.....       17%         2    ###....

Your spell library contained the following spells:

 Spells                   Type           Power        Failure   Level  Hunger
 Ignite Poison            Fire/Tmut/Pois #.......     24%         3    ###....
 Mephitic Cloud           Conj/Pois/Air  #.......     38%         3    ###....
 Olgreb's Toxic Radiance  Pois           ##......     50%         4    #####..


Dungeon Overview and Level Annotations

Branches:
Dungeon (3/15)

Altars:
Trog


Message History

Found a stone staircase leading up.
Found a stone staircase leading down.
A kobold comes into view. It is wielding a +0 short sword.
A kobold is nearby!
Throwing (i - inventory. (/) - cycle)
d - 63 stones (quivered)
Press: ? - help, Shift-Dir - straight line, f - kobold
Aim: a kobold, wielding a +0 short sword (asleep)
You throw a stone.
The stone hits the kobold but does no damage.
The kobold shouts!
There is a stone staircase leading up here.
Saving game... please wait.
Welcome back, KapersCrawl the Merfolk Venom Mage.
Press ? for a list of commands and other information.
Cast which spell? (? or * to list)
Okay, then.
Unknown command.
Welcome back, KapersCrawl the Merfolk Venom Mage.
Press ? for a list of commands and other information.
Are you sure you want to abandon this character and quit the game? (Confirm with "yes".)

. ####### ..
##.....## ...
##.......#....
#.............
#.....รท....... ..
#.....@.......
....##.............
.................>..
....................
.<..........(.......
...####.....K.......
.. #.............. .
#..........###.
.......!...#


You could see a kobold.

Vanquished Creatures
  4 adders (D:2)
  An ooze (D:2)
  A worm (D:2)
  4 dart slugs
  A leopard gecko (D:2)
  4 giant cockroaches (D:1)
  4 goblins
  4 hobgoblins
  7 jackals (D:2)
  A quokka (D:3)
  2 bats (D:1)
  3 frilled lizards
  5 kobolds (D:2)
  9 rats
50 creatures vanquished.

Notes
Turn   | Place    | Note
-------+----------+-------------------------------------------
     0 | D:1      | KapersCrawl the Merfolk Venom Mage began the quest for the
                  | Orb.
     0 | D:1      | Reached XP level 1. HP: 13/13 MP: 3/3
   547 | D:1      | Reached XP level 2. HP: 19/19 MP: 0/5
   744 | D:1      | Learned a level 2 spell: Poisonous Vapours
  1248 | D:2      | Reached XP level 3. HP: 23/24 MP: 2/6
  1534 | D:2      | Found a faded altar of an unknown god.
  1662 | D:2      | Reached XP level 4. HP: 30/30 MP: 3/7
  2218 | D:2      | Reached skill level 1 in Fighting
  2553 | D:2      | Noticed a moth of wrath
  2556 | D:2      | Found a bloodstained altar of Trog.
  2607 | D:2      | HP: 1/33 [poisoned by an adder]
  3263 | D:3      | Upgraded the game from 0.25-a0-1132-g9d38388ac0 to
                  | 0.26-a0-36-g11e0b32562
  3263 | D:3      | Quit the game

Illustrated notes

Levels and vault maps discovered:
D:1:      dpeg_arrival_snail, layout_loops_cross
D:2:      layout_loops_corners, tgw_trog, chequers_ecumenical_altar_grove
D:3:      layout_rooms, minivault_5

Skill      XL: |  1  2  3  4 |
---------------+-------------+-----
Transmutations | 2 3 4 |  4.0
Dodging        | 3 4 |  4.0
Fighting       | 2 |  2.0
Stealth        | |  2.1
Shields        | |  0.9
Spellcasting   | |  2.0
Poison Magic   | |  3.2

Action                   |  1- 3 |  4- 6 || total
-------------------------+-------+-------++-------
Melee: Unarmed           |     4 |       ||     4
       Club              |    10 |     3 ||    13
       Falchion          |       |    12 ||    12
Throw: Stone             |     6 |     1 ||     7
 Cast: Sting             |    57 |    27 ||    84
       Poisonous Vapours |     1 |     7 ||     8
  Use: Potion            |       |     2 ||     2
 Stab: Sleeping          |     2 |     1 ||     3
  Eat: Chunk             |     3 |     7 ||    10
Armor: Robe              |    10 |     1 ||    11
Dodge: Dodged            |    20 |    26 ||    46
       Rpst.: Falchion   |       |     6 ||     6

Table legend:
 A = Non-vault XP
 B = Vault XP
 C = Vault XP percentage of total XP
 D = Non-vault monster count
 E = Vault monster count
 F = Vault count percentage of total count
                 A         B        C        D         E       F
            +---------+---------+-------+---------+---------+-------
      Total |     138 |       9 |   6.1 |      45 |       5 |  10.0
            +---------+---------+-------+---------+---------+-------
        D:1 |      33 |       0 |   0.0 |      16 |       0 |   0.0
        D:2 |     103 |       9 |   8.0 |      28 |       5 |  15.2
        D:3 |       2 |       0 |   0.0 |       1 |       0 |   0.0
            +---------+---------+-------+---------+---------+-------
